 Dungeon Crawl Stone Soup version 0.30-a0-778-g2ef04afb54 (webtiles) character file.

Game seed: 17719818408969842339

161 bande the Covered (level 5, -15/33 HPs)
             Began as a Gargoyle Fighter on Feb 17, 2023.
             Demolished by a kobold
             ... wielding a +1 trident of distortion
              (19 damage)
             ... on level 3 of the Dungeon.
             The game lasted 00:02:49 (1640 turns).

bande the Covered (Gargoyle Fighter)                Turns: 1640, Time: 00:02:50

Health: -15/33     AC: 13    Str: 20    XL:     5   Next: 42%
Magic:  5/5        EV:  9    Int:  8    God:
Gold:   183        SH:  0    Dex: 11    Spells: 4/4 levels left

rFire   . . .      SeeInvis .    a - +1 war axe
rCold   . . .      Faith    .    c - +0 buckler
rNeg    + . .      Spirit   .    b - +0 scale mail
rPois   ∞          Reflect  .    i - +0 helmet
rElec   +          Harm     .    (no cloak)
rCorr   .          Rampage  .    h - +0 pair of gloves
Will    .....                    (no boots) Stlth
                                 (no amulet)
HPRegen 0.25/turn                k - ring of flight
MPRegen 0.09/turn                (no ring)

@: confused, flying
A: sickness immunity, AC +4, negative energy resistance 1, electricity
resistance, torment resistance 1, petrification resistance
a: no special abilities


You were on level 3 of the Dungeon.
You visited 1 branch of the dungeon, and saw 3 of its levels.

You collected 183 gold pieces.

Inventory:

Hand Weapons
 a - a +1 war axe (weapon)
Armour
 b - a +0 scale mail (worn)
 c - a +0 buckler (worn)
 h - a +0 pair of gloves (worn)
 i - a +0 helmet (worn)
Jewellery
 k - a ring of flight (left hand)
Wands
 j - a wand of flame (16)
Scrolls
 m - 2 scrolls of identify
 n - a scroll of teleportation
Potions
 d - a potion of might
 e - 3 potions of curing
 f - 2 potions of flight {unknown}
 g - a potion of degeneration {unknown}
 l - a potion of ambrosia {unknown}
 o - a potion of heal wounds {unknown}


   Skills:
 + Level 3.8 Fighting
 + Level 3.5 Axes
 + Level 4.0 Armour
 + Level 0.3 Stealth
 + Level 3.8 Shields
 * Level 1.2 Evocations


You had 4 spell levels left.
You didn't know any spells.
Your spell library contained the following spells:

 Spells                   Type           Power      Damage    Failure   Level
 Sting                    Tmut/Pois      0%         1d3       85%         1
 Poisonous Vapours        Pois/Air       0%         N/A       94%         2
 Vhi's Electric Charge    Tloc/Air       0%         N/A       99%         3
 Olgreb's Toxic Radiance  Pois           0%         N/A       100%        4
 Arcjolt                  Conj/Air       0%         1d10      100%        5
 Maxwell's Capacitive Co  Air            0%         ∞         100%        8


Dungeon Overview and Level Annotations

Branches:
Dungeon (3/15)

Altars:
Vehumet


Innate Abilities, Weirdness & Mutations

You are immune to sickness and miasma.
Your stone body is resilient. (AC +4)
You are immune to poison.
You resist negative energy. (rN+)
You are resistant to electric shocks. (rElec)
You are resistant to unholy torment.
You are immune to petrification.


Message History

Things that are here:
a +0 dagger; a +0 chain mail; an orc corpse You barely miss something.
Something hits you but does no damage.
You closely miss something. Something completely misses you.
You miss something.
The kobold throws a stone.
The stone closely misses you. Something hits you but does no damage.
Something hits you.
* * * LOW HITPOINT WARNING * * *
You feel better. Something hits you but does no damage.
You barely miss something.
You hear some strange, mumbled words.
You are confused.
The kobold throws a stone.
The stone hits you but does no damage.
You closely miss something.
The kobold throws a stone.
The stone hits you but does no damage. Something hits you but does no damage.
The kobold throws a stone.
The stone hits you but does no damage. Something hits you but does no damage.
The kobold closely misses you.
Things that are here:
a +0 falchion; a +0 chain mail You miss something.
You closely miss the kobold. The kobold hits you but does no damage.
You blink.
Found a scroll labelled DYFIED LUFISENO.
The kobold throws a stone.
The stone closely misses you.
You're too confused to move!
You feel less confused.
You hear some strange, mumbled words.
You are confused.
Something hits you.
You bump into the stone wall.
The kobold throws a stone.
The stone barely misses you. Something hits you.
* * * LOW HITPOINT WARNING * * *
You're too confused to move!
The kobold throws a stone.
You hear some strange, mumbled words.
Something tries to affect you, but you resist.
You bump into the stone wall.
Something hits you but does no damage.
The kobold hits you from afar with a +1 trident of distortion.
* * * LOW HITPOINT WARNING * * *
Space warps horribly around you!!
Ouch! That really hurt!
You die...

.# .# .# ########.#
### ##........#....
##..............
#....#.#......#
#.....#...#...
#......#.@....##.#
#..#.#...#{#..##.#
#......_..K...##.##
#..#.#...#.#))#...#
..##
#..?...#...)..##..#
....
#...#.....#.).....#
.##
#....#.#....##...#
.........####..#
.......## #..#


You could see a kobold.

Vanquished Creatures
  2 orc priests (D:3)
  An iguana (D:2)
  An adder (D:2)
  A worm (D:3)
  5 dart slugs
  2 orcs (D:3)
  5 ball pythons
  3 bats
  2 endoplasms (D:3)
  A giant cockroach (D:3)
  5 goblins
  3 hobgoblins (D:2)
  5 jackals
  A quokka (D:2)
  3 frilled lizards
  8 kobolds
  8 rats
56 creatures vanquished.

Notes
Turn   | Place    | Note
-------+----------+-------------------------------------------
     0 | D:1      | bande the Gargoyle Fighter began the quest for the Orb.
     0 | D:1      | Reached XP level 1. HP: 14/14 MP: 1/1
   175 | D:1      | Reached XP level 2. HP: 19/19 MP: 2/2
   364 | D:1      | Reached XP level 3. HP: 23/23 MP: 3/3
   952 | D:2      | Reached XP level 4. HP: 23/29 MP: 4/4
  1224 | D:2      | Found a faded altar of an unknown god.
  1617 | D:3      | Reached skill level 1 in Evocations
  1617 | D:3      | Reached XP level 5. HP: 15/33 MP: 5/5
  1621 | D:3      | Reached skill level 4 in Armour
  1624 | D:3      | Found a radiant altar of Vehumet.
  1640 | D:3      | Demolished by a kobold

Illustrated notes

Levels and vault maps discovered:
D:1:      evilmike_arrival_hilbert_curve, layout_basic, serial_rivers,
          chequers_serial_rivers_small_3, chequers_serial_rivers_small_a,
          chequers_serial_rivers_micro_a, chequers_serial_rivers_marsh,
          minmay_split_cup_small
D:2:      layout_rooms, basic_ecumenical_altar, hangedman_decor_growths,
          grunt_ministairs_14, wander_ebering_terrifying_dragon_lair
D:3:      layout_loops_ring, nicolae_vehumet_radiance

Skill      XL: |  1  2  3  4  5 |
---------------+----------------+-----
Axes           | 2 3 |  3.5
Evocations     | 1 |  1.2
Armour         | 4 |  4.0
Fighting       | |  3.8
Stealth        | |  0.3
Shields        | |  3.8

Action                     |  1- 3 |  4- 6 || total
---------------------------+-------+-------++-------
  Melee: War axe           |    98 |    49 ||   147
    Use: Scroll            |     2 |     4 ||     6
         Potion            |       |     1 ||     1
 Armour: Scale mail        |    60 |    54 ||   114
  Dodge: Dodged            |    57 |    32 ||    89
  Block: Buckler           |    27 |    12 ||    39

Table legend: (Time is in decaauts)
 A = Elapsed time spent in this place.
 B = Non-inter-level travel time spent in this place.
 C = Inter-level travel time spent in this place.
 D = Time resting spent in this place.
 E = Time spent auto-exploring this place.
 F = Levels seen in this place.
 G = Mean time per level.
                   A        B        C        D        E       F      G
               +--------+--------+--------+--------+--------+-----+--------+
         Total |   1708 |   1708 |      0 |      0 |   1226 |   3 |  569.3 |
       Dungeon |   1708 |   1708 |      0 |      0 |   1226 |   3 |  569.3 |
               +--------+--------+--------+--------+--------+-----+--------+

Top non-repeatable levels by time:
     D:1: 754 daAuts
     D:2: 599 daAuts
     D:3: 354 daAuts
